AoeStats
← ndf14685

Arabia

503740884Analyzed
2v2 RM · 1mo ago on Sep 2, 2026· 44m 27s· 4 players
Game mode
Random Map
Map size
Medium (4 player)
Population
200
Speed
Normal
Resources
Standard
Victory
Conquest
Starting age
Dark Age
Ending age
Imperial Age
RankedLock teamsTeams togetherTeam positionsShared explorationLock speedFull tech treeHidden civsTurbo modeCheats
Victory
Defeat
🇦🇷 Goths · Argentina
1043
+13
🇦🇷 Japanese · Argentina
942
+17
🇲🇽 Ethiopians · Mexico
973
-24
🇲🇽 Teutons · Mexico
971
-15
HABS
8:20 Loom
12:26 Feudal Age
17:03 Bloodlines
16:48 Gold Mining
16:51 Double-Bit Axe
21:04 Castle Age
25:48 Scale Barding Armor
lors_b
4:38 Loom
6:29 Loom
6:35 Loom
7:03 Loom
9:51 Feudal Age
11:03 Double-Bit Axe
14:34 Wheelbarrow
14:10 Fletching
14:24 Horse Collar
21:25 Castle Age
22:36 Bow Saw
22:28 Heavy Plow
22:05 Crossbowman
26:40 Gold Mining
27:26 Ballistics
29:49 Bodkin Arrow
29:55 Padded Archer Armor
31:27 Scale Barding Armor
33:25 Town Watch
34:34 Chain Barding Armor
37:47 Light Cavalry
38:28 Husbandry
39:50 Forging
41:14 Iron Casting
44:42 Hand Cart
zeta27
7:27 Loom
9:32 Feudal Age
10:18 Double-Bit Axe
12:34 Wheelbarrow
13:02 Man-at-Arms
15:32 Town Watch
19:57 Castle Age
19:33 Scale Mail Armor
20:25 Forging
21:16 Horse Collar
22:42 Hand Cart
22:21 Pikeman
23:56 Padded Archer Armor
24:07 Squires
23:41 Long Swordsman
26:42 Gambesons
27:16 Chain Mail Armor
28:10 Gold Mining
28:13 Stone Mining
28:44 Bow Saw
32:30 Town Patrol
33:30 Iron Casting
34:08 Coinage
37:05 Fletching
39:47 Arson
41:25 Ballistics
42:01 Bodkin Arrow
43:06 Guard Tower
44:57 Murder Holes
45:14 Masonry
ndf14685
1:42 Loom
10:02 Feudal Age
21:30 Castle Age
22:17 Forging
22:36 Squires
23:02 Pikeman
24:33 Scale Mail Armor
38:55 Anarchy
41:39 Iron Casting
Connection lost

Rejoining the realm…

Still unreachable

The connection could not be restored.

Session expired

The server has moved on; the page needs a fresh start.